 Dungeon Crawl Stone Soup version 0.31-a0-435-g2c6fae2916 (webtiles) character file.

Game seed: 10184186939099749022

217 AdnanSaban the Covered (level 5, -1/33 HPs)
             Began as a Gargoyle Fighter on Aug 1, 2023.
             Slain by an orc
             ... wielding a +0 hand axe
              (3 damage)
             ... on level 3 of the Dungeon.
             The game lasted 00:02:22 (2308 turns).

AdnanSaban the Covered (Gargoyle Fighter)           Turns: 2308, Time: 00:02:23

Health: -1/33      AC: 16    Str: 22    XL:     5   Next: 94%
Magic:  0/5        EV:  6    Int:  8    God:
Gold:   144        SH:  4    Dex:  9    Spells: 4/4 levels left

rFire   + . .        a - +0 flail
rCold   . . .        c - +0 buckler
rNeg    + . .        i - +0 plate armour
rPois   ∞            (no helmet)
rElec   +            (no cloak)
rCorr   .            (no gloves)
SInv    .            (no boots)
Will    .....        k - amulet of guardian spirit Stlth
                     n - ring of protection from fire
HPRegen 0.25/turn    (no ring)
MPRegen 0.09/turn

%: guardian spirit
@: no status effects
A: sickness immunity, AC +4, negative energy resistance 1, electricity
resistance, torment resistance 1, petrification resistance
a: no special abilities


You were on level 3 of the Dungeon.
You visited 1 branch of the dungeon, and saw 3 of its levels.

You collected 144 gold pieces.

Inventory:

Hand Weapons
 a - a +0 flail (weapon)
Missiles
 f - 6 poisoned darts
Armour
 b - a +0 scale mail
 c - a +0 buckler (worn)
 i - a +0 plate armour (worn)
Jewellery
 j - a ring of fire
 k - an amulet of guardian spirit (around neck)
 n - a ring of protection from fire (left hand)
 p - a ring of ice
Scrolls
 g - a scroll of enchant weapon {unknown}
 h - a scroll of amnesia {unknown}
 l - 3 scrolls of fear {unknown}
 m - a scroll of poison {unknown}
 o - a scroll of teleportation {unknown}
 q - a scroll of identify {unknown}
Potions
 d - a potion of might
 e - a potion of enlightenment {unknown}
 r - a potion of curing {unknown}


   Skills:
 + Level 4.1 Fighting
 + Level 3.5 Maces & Flails
 + Level 4.8 Armour
 + Level 4.4 Shields


You had 4 spell levels left.
You didn't know any spells.
Your spell library was empty.

Dungeon Overview and Level Annotations

Branches:
Dungeon (3/15)

Altars:
Vehumet

Shops:
D:1 :   D:3 ?

Annotations:
D:3 Sigmund


Innate Abilities, Weirdness & Mutations

You are immune to sickness and miasma.
Your stone body is resilient. (AC +4)
You are immune to poison.
You resist negative energy. (rN+)
You are resistant to electric shocks. (rElec)
You are resistant to unholy torment.
You are immune to petrification.


Message History

The orc priest is heavily wounded.
You block the orc priest's attack.
Sigmund mumbles some strange words.
Sigmund flickers and vanishes!
Deactivating autopickup; reactivate with Ctrl-A.
You hit the orc priest.
The orc priest is heavily wounded.
The orc priest hits you with a +0 flail.
The orc hits you but does no damage. Something hits you.
The orc shouts!
You hit the orc priest.
The orc priest is severely wounded.
The orc priest barely misses you. The orc hits you but does no damage.
Something hits you.
You closely miss the orc priest.
The orc priest is severely wounded.
The orc priest hits you with a +0 flail.
The orc hits you but does no damage.
The orc priest hits you but does no damage.
Something hits you. You block the orc's attack.
You sock the orc priest!
You kill the orc priest!
The orc hits you with a +3 hand axe.
* * * LOW HITPOINT WARNING * * *
Something hits you.
* * * LOW HITPOINT WARNING * * *
You see here a +0 flail.
You closely miss something.
The orc shouts!
The orc hits you with a +3 hand axe.
* * * LOW HITPOINT WARNING * * *
Something hits you but does no damage.
Unknown command.
The orc attacks as you move away! The orc closely misses you.
The orc shouts!
Something hits you but does no damage. The orc attacks as you move away!
The orc hits you but does no damage. The orc hits you but does no damage.
You hit the bush but do no damage. The orc hits you with a +0 hand axe.
You die...

##. #... .......>. #..♣ ....
......... ... ... .........
#...P♣♣.. #......P #.#.PP♣.P ##
#.....PP #.# ...♣♣..# #.......
#.# #oP...P####....... #.#
#@...♣P........... #.#
#o##..........#..#
#######.###.###.........#..# ..
..........oo).o...♣♣♣.♣.....
#...####..[..#####..♣♣..♣♣....#
.............# .?♣.P♣♣♣#####
......#......# ##♣P.P♣♣ ##
#...# #.####..# ♣♣♣..♣ #. ...
#.# ##..#####♣♣♣..♣ #)


You could see 4 orcs.

Vanquished Creatures
  An orc priest (D:3)
  Terence (D:2)
  Natasha (thrice) (D:3)
  4 gnolls
  2 adders
  A worm (D:3)
  A dart slug (D:2)
  An orc (D:3)
  2 endoplasms
  2 goblins
  A hobgoblin (D:3)
  A quokka (D:3)
  2 ball pythons
  3 bats (D:1)
  4 frilled lizards
  5 kobolds
  6 rats
40 creatures vanquished.

Notes
Turn   | Place    | Note
-------+----------+-------------------------------------------
     0 | D:1      | AdnanSaban the Gargoyle Fighter began the quest for the
                  | Orb.
     0 | D:1      | Reached XP level 1. HP: 14/14 MP: 1/1
   542 | D:1      | Found Caol's Book Emporium.
   572 | D:1      | Found a faded altar of an unknown god.
   579 | D:1      | Reached XP level 2. HP: 20/20 MP: 2/2
  1060 | D:2      | Noticed Terence
  1070 | D:2      | Killed Terence
  1071 | D:2      | Reached XP level 3. HP: 9/24 MP: 3/3
  1617 | D:3      | Noticed Natasha
  1627 | D:3      | Killed Natasha
  1628 | D:3      | Reached XP level 4. HP: 15/29 MP: 4/4
  1689 | D:3      | Noticed Sigmund
  1782 | D:3      | Noticed Natasha
  1801 | D:3      | Killed Natasha
  1817 | D:3      | Found Xam Zoig's Magic Scroll Shoppe.
  1818 | D:3      | Noticed Natasha
  1837 | D:3      | Killed Natasha
  1838 | D:3      | Reached XP level 5. HP: 5/33 MP: 2/5
  2250 | D:3      | Found a radiant altar of Vehumet.
  2304 | D:3      | HP: 1/33 [orc/+3 hand axe (4)]
  2308 | D:3      | Slain by an orc

Illustrated notes

Levels and vault maps discovered:
D:1:      mainiacjoe_arrival_reflecting_pool, layout_basic,
          ebering_ecumenical_altar_sacrificial, serial_shops, shop
D:2:      layout_basic, grunt_decor_junction, corner_web_ring, uniq_terence
D:3:      cheibrodos_pilgrimage, layout_basic, vehumet_crystals, serial_forest,
          infiniplex_forest_diagonal, infiniplex_forest_straight_3,
          infiniplex_forest_side_room, infiniplex_forest_zigzag_2,
          infiniplex_forest_clump_tiny, infiniplex_forest_clump_diagonal,
          infiniplex_forest_lined_3_way, infiniplex_forest_straight_5,
          serial_shops, nicolae_shop_window_shopping, uniq_natasha, uniq_robin,
          uniq_sigmund

Skill      XL: |  1  2  3  4  5 |
---------------+----------------+-----
Armour         | 4 |  4.8
Maces & Flails | 3 |  3.5
Shields        | 4 |  4.4
Fighting       | 4 |  4.1

Action                     |  1- 3 |  4- 6 || total
---------------------------+-------+-------++-------
  Melee: Flail             |   102 |   130 ||   232
 Armour: Scale mail        |    29 |       ||    29
         Plate armour      |    37 |    66 ||   103
  Dodge: Dodged            |    53 |    26 ||    79
  Block: Buckler           |    28 |    22 ||    50

Table legend: (Time is in decaauts)
 A = Elapsed time spent in this place.
 B = Non-inter-level travel time spent in this place.
 C = Inter-level travel time spent in this place.
 D = Time resting spent in this place.
 E = Time spent auto-exploring this place.
 F = Levels seen in this place.
 G = Mean time per level.
                   A        B        C        D        E       F      G
               +--------+--------+--------+--------+--------+-----+--------+
         Total |   2390 |   2320 |     70 |    119 |   1660 |   3 |  796.7 |
       Dungeon |   2390 |   2320 |     70 |    119 |   1660 |   3 |  796.7 |
               +--------+--------+--------+--------+--------+-----+--------+

Top non-repeatable levels by time:
     D:2: 1109 daAuts
     D:1: 711 daAuts
     D:3: 569 daAuts
